 Dungeon Crawl Stone Soup version 0.30-a0-1160-g6e42c06 (webtiles) character file.

Game seed: 12340819017173517273

1120 Dorkslayer the Chopper (level 8, 0/48 HPs)
             Began as a Gargoyle Fighter on Apr 25, 2023.
             Slain by a gnoll
             ... wielding a +0 spear
             ... led by a gnoll bouda
              (6 damage)
             ... on level 7 of the Dungeon.
             The game lasted 00:08:27 (4403 turns).

Dorkslayer the Chopper (Gargoyle Fighter)           Turns: 4403, Time: 00:08:27

Health: 0/48       AC: 20    Str: 19    XL:     8   Next: 34%
Magic:  8/8        EV:  8    Int: 10    God:
Gold:   200        SH:  4    Dex: 11    Spells: 7/7 levels left

rFire   . . .        a - +1 war axe
rCold   . . .        c - +0 buckler
rNeg    + . .        q - +5 chain mail
rPois   ∞            (no helmet)
rElec   +            (no cloak)
rCorr   .            (no gloves)
SInv    .            (no boots)
Will    .....        (no amulet) Stlth
                     (no ring)
HPRegen 0.28/turn    (no ring)
MPRegen 0.11/turn

%: no passive effects
@: mighty, weakened
A: sickness immunity, AC +5, negative energy resistance 1, electricity
resistance, torment resistance 1, petrification resistance
a: no special abilities


You were on level 7 of the Dungeon.
You visited 1 branch of the dungeon, and saw 8 of its levels.

You collected 277 gold pieces.
You spent 77 gold pieces at shops.

Inventory:

Hand Weapons
 a - a +1 war axe (weapon)
Missiles
 i - 4 silver javelins (quivered)
 k - 2 throwing nets
 r - 3 boomerangs
Armour
 c - a +0 buckler (worn)
 q - a +5 chain mail (worn)
Wands
 n - a wand of iceblast (7)
Scrolls
 g - 2 scrolls of blinking
 h - 2 scrolls of fog
 l - 3 scrolls of teleportation
 m - a scroll of poison
Potions
 b - a potion of berserk rage {unknown}
 d - 2 potions of might
 e - 2 potions of attraction
 j - 4 potions of lignification
 o - a potion of haste
 s - a potion of heal wounds {unknown}
 u - a potion of ambrosia {unknown}
 v - a potion of invisibility
 w - a potion of mutation {unknown}
 z - a potion of resistance
 A - 2 potions of flight {unknown}


   Skills:
 + Level 4.5 Fighting
 + Level 5.4 Axes
 + Level 2.3 Throwing
 + Level 4.8 Armour
 + Level 3.9 Dodging
 + Level 0.4 Stealth
 + Level 4.2 Shields
 * Level 0.4 Evocations


You had 7 spell levels left.
You didn't know any spells.
Your spell library contained the following spells:

 Spells                   Type           Power      Damage    Failure   Level
 Beastly Appendage        Tmut           0%         N/A       98%         1
 Blink                    Tloc           0%         N/A       99%         2
 Lesser Beckoning         Tloc           0%         N/A       99%         2
 Momentum Strike          Conj/Tloc      0%         3d8       99%         2
 Wereblood                Tmut           0%         N/A       99%         2
 Dazzling Flash           Conj/Hex       0%         N/A       100%        3
 Spider Form              Tmut/Pois      0%         N/A       100%        3
 Agony                    Necr           0%         N/A       100%        5
 Silence                  Hex/Air        0%         N/A       100%        5


Dungeon Overview and Level Annotations

Branches:
Dungeon (8/15)             Temple (0/1) D:7
   Lair: D:8-11

Altars:
Fedhas
Makhleb
Qazlal
Ru
Vehumet
Wu Jian

Shops:
D:4 *


Innate Abilities, Weirdness & Mutations

You are immune to sickness and miasma.
Your stone body is resilient. (AC +5)
You are immune to poison.
You resist negative energy. (rN+)
You are resistant to electric shocks. (rElec)
You are resistant to unholy torment.
You are immune to petrification.


Message History

The gnoll is healed somewhat.
The gnoll hits you but does no damage.
You closely miss the gnoll. You barely miss the gnoll.
The gnoll hits you with a +0 whip!
The gnoll hits you but does no damage. x2
You hit the gnoll.
The gnoll is lightly wounded.
You hit the gnoll but do no damage. You block the gnoll's attack.
The gnoll hits you but does no damage.
The gnoll hits you from afar with a +0 spear.
The gnoll hits you from afar with a +0 spear!
The gnoll hits you but does no damage. The gnoll hits you with a +0 whip.
The gnoll bouda hits you with a +0 whip.
The gnoll hits you but does no damage. x2; You block the gnoll's attack.
You hit the gnoll bouda.
The gnoll bouda is lightly wounded.
You hit the gnoll. You hit the gnoll but do no damage. x2
You block the gnoll bouda's attack. You block the gnoll's attack.
The gnoll hits you but does no damage. x2
You barely miss the gnoll bouda.
The gnoll bouda is lightly wounded.
You hit the gnoll. You closely miss the gnoll. x2
The gnoll bouda hits you with a +0 whip!
The gnoll hits you but does no damage. The gnoll hits you with a +0 whip.
* * * LOW HITPOINT WARNING * * *
You block the gnoll's attack.
You feel very mighty all of a sudden.
The gnoll bouda gazes fiercely through you!
You feel as though you will be weak longer.
The gnoll bouda hits you with a +0 whip.
* * * LOW HITPOINT WARNING * * *
The gnoll hits you but does no damage. x3
You hit the gnoll bouda.
The gnoll bouda is lightly wounded.
You hit the gnoll. x2; You completely miss the gnoll.
The gnoll bouda barks out a call to the hunt!
The gnolls pick up the pace!
The gnoll hits you but does no damage. x2; The gnoll hits you with a +0 spear.
* * * LOW HITPOINT WARNING * * *
The gnoll bouda hits you but does no damage.
The gnoll hits you with a +0 spear.
You die...

,,,********#######...#
,,,,,,,,,,,.......>..#
,,,********#######...#
,,,,,,,,,,* #.###
**,,,****,* #.#
*,,,****** ####.#
*,,***,** #....#
**,,**,,,** #g)..#
**,,*,,,,,* #.@g.#
**,,*,,,,,*** #.gg.#*
*****,,,,,,,* #.....#
* **,,,**,* #.....# *
**,***,* #....)#**** *
****,,* #......,,,* *
****,,** #.....(.,,*
******,,,,,*
#........,*
*,,,,,,,,,,*
****,,,,,,*


You could see a gnoll bouda and 3 gnolls.

Vanquished Creatures
  2 ice beasts (D:5)
  An ogre (D:5)
  A centaur (D:8)
  A phantom (D:5)
  3 scorpions
  A howler monkey (D:5)
  3 hounds
  A jelly (D:5)
  3 iguanas
  A sleepcap (D:6)
  Natasha (thrice) (D:2)
  2 gnolls (D:7)
  9 adders
  A worm (D:2)
  2 orcs
  7 ball pythons
  5 endoplasms
  5 giant cockroaches
  13 goblins
  10 hobgoblins
  3 jackals (D:2)
  3 quokkas
  4 bats
  5 frilled lizards
  6 kobolds
  2 rats (D:2)
97 creatures vanquished.

Vanquished Creatures (others)
  3 plants (D:1)
3 creatures vanquished.

Grand Total: 100 creatures vanquished

Notes
Turn   | Place    | Note
-------+----------+-------------------------------------------
     0 | D:1      | Dorkslayer the Gargoyle Fighter began the quest for the
                  | Orb.
     0 | D:1      | Reached XP level 1. HP: 14/14 MP: 1/1
   155 | D:1      | Reached XP level 2. HP: 19/19 MP: 2/2
   293 | D:1      | Found a faded altar of an unknown god.
   821 | D:2      | Reached skill level 2 in Axes
   854 | D:2      | Reached XP level 3. HP: 23/23 MP: 3/3
   865 | D:2      | Reached skill level 1 in Dodging
  1126 | D:2      | Noticed Natasha
  1134 | D:2      | Killed Natasha
  1135 | D:2      | Reached XP level 4. HP: 15/28 MP: 4/4
  1281 | D:2      | Noticed Natasha
  1291 | D:2      | Killed Natasha
  1587 | D:2      | Noticed Natasha
  1596 | D:2      | Killed Natasha
  1597 | D:2      | Reached XP level 5. HP: 15/33 MP: 5/5
  1805 | D:3      | Reached skill level 3 in Axes
  1896 | D:3      | Reached XP level 6. HP: 31/38 MP: 6/6
  1968 | D:3      | Found an ornate altar of the Wu Jian Council.
  2062 | D:3      | Found a burning altar of Makhleb.
  2062 | D:3      | Found a stormy altar of Qazlal.
  2587 | D:4      | Reached skill level 4 in Axes
  2942 | D:4      | Found Woanyluc's CLEARANCE SALE!.
  2949 | D:4      | Bought a scroll of blinking for 37 gold pieces
  2949 | D:4      | Bought a potion of invisibility for 40 gold pieces
  3123 | D:5      | Entered Level 5 of the Dungeon
  3140 | D:5      | Noticed an ice beast
  3152 | D:5      | Killed an ice beast
  3153 | D:5      | Reached XP level 7. HP: 38/43 MP: 7/7
  3476 | D:5      | Reached skill level 1 in Throwing
  3785 | D:5      | Reached XP level 8. HP: 23/48 MP: 8/8
  4122 | D:5      | Found a sacrificial altar of Ru.
  4123 | D:5      | Found a radiant altar of Vehumet.
  4124 | D:5      | Found a blossoming altar of Fedhas.
  4154 | D:5      | Reached skill level 5 in Axes
  4348 | D:6      | You fall into a shaft and drop 2 floors!
  4403 | D:7      | Slain by a gnoll

Illustrated notes

Levels and vault maps discovered:
D:1:      saegor_arrival_fortress, layout_loops_ring,
          shapermc_ecumenical_altar_petra, serial_bayou_pond_c
D:2:      layout_basic, minivault_25, nicolae_hexahallways,
          kennysheep_generic_room_9, uniq_natasha
D:3:      layout_basic, mainiacjoe_overflow_tiny_flanked,
          grunt_temple_overflow_open
D:4:      kennysheep_the_goblin_king, layout_basic, hangedman_decor_growths,
          nicolae_shop_clearance
D:5:      layout_cave_pods, chequers_temple_overflow_statue_of_worship
D:6:      layout_cave_pods, kennysheep_mini,
          nicolae_hepliaklqana_monster_ancestors, minmay_misc_feat_square,
          minmay_between
D:7:      layout_basic, minmay_temple_entry_arrows, enter_bailey_5,
          serial_shops, nicolae_shop_competitors_out_of_business,
          roderic_batcave, grunt_ministairs_7
D:8:      layout_layer_cave, serial_shops, nicolae_shop_bloodbath_and_beyond,
          ebering_ghost_disaster_area, minmay_increasing_density, uniq_erica

Skill      XL: |  1  2  3  4  5  6  7  8 |
---------------+-------------------------+-----
Axes           | 2 3 4 5 |  5.4
Dodging        | 2 3 |  3.9
Armour         | 4 |  4.8
Fighting       | 4 |  4.5
Shields        | 4 |  4.2
Throwing       | 1 2 |  2.3
Stealth        | |  0.4
Evocations     | |  0.4

Action                     |  1- 3 |  4- 6 |  7- 9 || total
---------------------------+-------+-------+-------++-------
  Melee: War axe           |    80 |   176 |   120 ||   376
  Throw: Javelin           |       |     4 |     1 ||     5
    Use: Scroll            |       |     8 |     8 ||    16
         Potion            |       |       |     1 ||     1
 Armour: Scale mail        |    50 |   117 |    58 ||   225
         Chain mail        |       |       |    56 ||    56
  Dodge: Dodged            |    44 |   136 |    71 ||   251
  Block: Buckler           |    12 |    52 |    34 ||    98

Table legend: (Time is in decaauts)
 A = Elapsed time spent in this place.
 B = Non-inter-level travel time spent in this place.
 C = Inter-level travel time spent in this place.
 D = Time resting spent in this place.
 E = Time spent auto-exploring this place.
 F = Levels seen in this place.
 G = Mean time per level.
                   A        B        C        D        E       F      G
               +--------+--------+--------+--------+--------+-----+--------+
         Total |   4562 |   4562 |      0 |      0 |   2536 |   8 |  570.2 |
       Dungeon |   4562 |   4562 |      0 |      0 |   2536 |   8 |  570.2 |
               +--------+--------+--------+--------+--------+-----+--------+

Top non-repeatable levels by time:
     D:5: 1141 daAuts
     D:2: 1043 daAuts
     D:4: 851 daAuts
     D:1: 830 daAuts
     D:3: 517 daAuts
     D:6: 119 daAuts
     D:8: 33 daAuts
     D:7: 25 daAuts
